Map: Protocole central

Players

Worming - Winner!

  • Race: Zerg Zerg
  • League: Diamond

Nemesis

  • Race: Protoss Protoss
  • League: Diamond

VOD

Have the link to the VOD?

Description

Time

  • Played on: Nov. 23, 2015, 1:24 p.m.
  • Length: 15:27
Show
View Real Time Build Order
Export as new Build Order

Worming Zerg - Winner!

Build Orders: Hatch First, Lurkers 

Get SALT Encoding   

  12  0:01  Drone  
  13  0:08  Drone  
  14  0:20  Drone, Extractor x2  
  13  0:21  Drone  
  16  0:45  Hatchery  
  15  0:57  Spawning Pool  
  15  1:02  Overlord  
  14  1:22  Drone x3  
  17  1:44  Queen  
  17  1:45  Overlord  
  19  1:49  Zergling x2  
  20  1:56  Zergling x2  
  20  1:58  Queen  
  20  1:59  Drone  
  24  2:06  Drone  
  25  2:15  Drone  
  26  2:23  Queen  
  26  2:26  Drone x2, Extractor  
  29  2:40  Drone  
  29  2:41  Hatchery  
  29  2:47  Overlord  
  29  2:53  Drone x3  
  32  3:12  Drone x6  
  37  3:28  Drone x6  
  37  3:32  Extractor  
  42  3:37  Roach Warren  
  41  3:43  Overlord, Spine Crawler  
  41  3:47  Metabolic Boost  
  40  3:51  Drone x2  
  42  3:59  Overlord  
  42  4:02  Overlord  
  42  4:05  Drone x3  
  45  4:17  Lair  
  45  4:20  Drone  
  45  4:23  Drone x2  
  45  4:24  Drone x3, Extractor  
  51  4:27  Drone x2  
  52  4:35  Drone x3  
  52  4:36  Overlord  
  55  4:41  Evolution Chamber  
  55  4:45  Zergling x2  
  55  4:55  Extractor  
  55  4:58  Drone x3  
  55  4:59  Drone x4  
  61  5:03  Overlord  
  61  5:04  Spine Crawler  
  60  5:07  Zerg Missile Weapons Level 1  
  60  5:08  Drone  
  60  5:09  Overlord  
  60  5:10  Overlord  
  60  5:11  Roach  
  60  5:12  Roach  
  65  5:15  Glial Reconstitution  
  65  5:22  Drone  
  66  5:32  Roach x7  
  66  5:33  Roach  
  66  5:35  Pneumatized Carapace  
  82  5:44  Overlord  
  82  5:45  Overlord  
  82  5:46  Overlord  
  80  6:02  Queen x2  
  80  6:09  Spore Crawler  
  80  6:10  Overlord  
  80  6:11  Spore Crawler  
  78  6:13  Drone  
  68  6:51  Drone x8  
  76  6:57  Drone x14  
  89  7:02  Zerg Missile Weapons Level 2  
  89  7:12  Extractor  
  89  7:13  Extractor  
  89  7:14  Drone  
  88  7:17  Drone x3, Spire x2  
  87  7:34  Overlord  
  85  7:40  Drone x3  
  85  7:41  Drone x3  
  91  7:45  Spine Crawler  
  91  7:46  Drone x2  
  91  7:47  Spine Crawler  
  91  7:48  Roach x4  
  99  8:10  Zergling x4  
  99  8:11  Zergling x8, Roach x7  
  119  8:18  Overlord  
  119  8:21  Hatchery  
  118  8:30  Zerg Flyer Armor Level 1, Zerg Flyer Weapons Level 1  
  118  8:34  Mutalisk  
  118  8:35  Mutalisk x4  
  128  8:42  Mutalisk x3  
  125  9:07  Mutalisk x4  
  125  9:08  Mutalisk x2  
  135  9:10  Roach x4  
  122  9:24  Roach x5  
  122  9:31  Hydralisk Den  
  119  9:48  Drone x6  
  125  10:13  Hydralisk x7  
  125  10:14  Hydralisk x6  
  129  10:17  Lurker Den  
  129  10:18  Zerg Ground Armor Level 1  
  147  10:30  Overlord x3  
  147  10:32  Zergling x8  
  151  10:49  Hydralisk  
  147  10:50  Zergling x20  
  147  11:07  Hydralisk x2  
  147  11:08  Zergling x8  
  153  11:28  Ravager x7  
  153  11:29  Extractor  
  153  11:32  Spine Crawler x2  
  157  11:33  Extractor  
  133  11:55  Lurker  
  133  11:56  Lurker x3  
  133  11:57  Lurker  
  133  11:58  Roach, Hydralisk x2  
  133  11:59  Zergling x2, Roach x6, Hydralisk x5  
  133  12:00  Zergling x18  
  176  12:07  Evolution Chamber  
  156  12:24  Overseer  
  156  12:25  Overlord  
  156  12:26  Zerg Ground Armor Level 2  
  132  12:45  Roach x7, Hydralisk x8  
  132  12:46  Zergling x8  
  133  13:05  Zergling x16  
  135  13:10  Roach  
  135  13:11  Roach x2  
  129  13:20  Extractor  
  114  13:35  Roach x5  
  114  13:36  Roach, Hydralisk x3  
  114  13:39  Queen x2, Hatchery  
  135  13:45  Roach x3  
  137  14:10  Roach x4, Hydralisk x5  
  153  14:25  Hydralisk x11  
  153  14:30  Roach  
  174  14:35  Lurker  
  174  14:37  Overlord x3  
  166  14:55  Lurker x4  
  166  15:08  Zergling x6, Roach  
  175  15:15  Infestation Pit  
  174  15:21  Hatchery  
  171  15:27  Extractor  
Show
View Real Time Build Order
Export as new Build Order

Nemesis Protoss 

Build Orders: 1 Gate Expand 

Get SALT Encoding   

  12  0:01  Probe (Chrono Boost)  
  13  0:12  Probe (Chrono Boost)  
  14  0:21  Pylon  
  14  0:25  Probe (Chrono Boost)  
  15  0:39  Probe (Chrono Boost)  
  16  0:47  Gateway  
  17  0:50  Probe (Chrono Boost)  
  17  0:56  Assimilator  
  17  1:00  Probe (Chrono Boost)  
  18  1:11  Probe (Chrono Boost)  
  19  1:21  Probe (Chrono Boost)  
  20  1:33  Nexus  
  20  1:38  Pylon  
  20  1:43  Probe (Chrono Boost)  
  21  1:52  Assimilator  
  21  1:53  Probe (Chrono Boost)  
  22  2:04  Probe (Chrono Boost)  
  22  2:07  Cybernetics Core  
  23  2:14  Probe (Chrono Boost)  
  24  2:25  Probe (Chrono Boost)  
  24  2:29  Pylon  
  25  2:35  Probe (Chrono Boost)  
  26  2:43  Warp Gate  
  26  2:44  Gateway  
  26  2:45  Adept (Chrono Boost)  
  26  2:47  Probe (Chrono Boost)  
  26  2:49  Mothership Core (Chrono Boost)  
  31  2:58  Probe (Chrono Boost)  
  32  3:08  Probe (Chrono Boost)  
  32  3:10  Probe (Chrono Boost)  
  34  3:23  Probe x2 (Chrono Boost)  
  34  3:26  Robotics Facility  
  36  3:31  Pylon  
  36  3:33  Sentry x2  
  42  3:34  Probe x2 (Chrono Boost)  
  42  3:38  Assimilator  
  42  3:42  Assimilator  
  42  3:44  Probe (Chrono Boost)  
  42  3:45  Probe (Chrono Boost)  
  44  3:57  Gateway  
  44  4:00  Gateway  
  44  4:01  Gateway  
  44  4:06  Probe (Chrono Boost)  
  44  4:07  Probe (Chrono Boost)  
  44  4:08  Sentry  
  44  4:09  Sentry  
  50  4:17  Probe x2 (Chrono Boost)  
  50  4:23  Warp Prism  
  54  4:28  Probe (Chrono Boost)  
  55  4:32  Pylon  
  55  4:36  Twilight Council  
  55  4:41  Forge  
  55  4:56  Probe x2 (Chrono Boost)  
  57  5:03  Blink  
  57  5:06  Probe x2 (Chrono Boost)  
  59  5:08  Immortal  
  59  5:10  Stalker  
  65  5:14  Protoss Ground Weapons Level 1 (Chrono Boost)  
  65  5:17  Probe x2  
  67  5:26  Photon Cannon  
  67  5:29  Probe  
  67  5:30  Probe  
  69  5:41  Probe  
  70  5:51  Pylon  
  70  5:52  Pylon  
  70  5:54  Pylon  
  70  5:56  Pylon  
  70  6:09  Probe x2, Observer  
  73  6:24  Adept  
  75  6:25  Adept x2  
  75  6:26  Adept x2  
  67  6:48  Pylon  
  67  6:49  Probe x2  
  67  6:50  Pylon  
  64  7:01  Probe, Resonating Glaives, Immortal  
  69  7:06  Protoss Ground Weapons Level 2 (Chrono Boost), Stalker x5  
  69  7:08  Nexus  
  79  7:10  Assimilator  
  79  7:15  Assimilator  
  79  7:21  Gateway  
  78  7:38  Gateway, Photon Cannon  
  78  7:39  Gateway  
  78  7:40  Probe x2  
  80  7:52  Probe x2  
  80  7:56  Sentry x2  
  80  7:57  Sentry x3  
  92  8:01  Immortal  
  96  8:05  Pylon  
  96  8:21  Stalker  
  96  8:22  Stalker x2  
  102  8:27  Sentry x3  
  102  8:29  Probe  
  102  8:30  Probe x2  
  111  8:39  Probe, Warp Prism  
  113  8:42  Probe  
  113  8:46  Zealot  
  110  9:05  Stalker x5  
  110  9:06  Stalker x3  
  126  9:16  Observer  
  117  9:28  Stalker x4  
  117  9:29  Stalker x4  
  121  9:47  Photon Cannon  
  121  9:51  Photon Cannon  
  121  9:54  Stargate  
  121  9:58  Stargate  
  121  10:02  Stargate  
  112  10:16  Stalker  
  112  10:17  Stalker x6  
  122  10:21  Probe  
  122  10:22  Probe  
  122  10:23  Probe  
  125  10:45  Phoenix  
  117  11:08  Phoenix x2  
  117  11:10  Sentry x6, Phoenix  
  135  11:35  Phoenix  
  135  11:39  Adept  
  139  11:40  Adept  
  139  11:45  Probe, Pylon  
  139  11:46  Probe  
  141  11:48  Pylon  
  117  11:57  Adept  
  117  11:58  Adept x5  
  129  12:08  Adept x2  
  127  12:30  Adept x7  
  125  12:47  Stalker  
  86  13:01  Adept, Observer  
  86  13:02  Adept x3  
  91  13:08  Adept x3  
  87  13:20  Stalker  
  87  13:22  Observer  
  87  13:25  Stalker  
  87  13:26  Stalker x3  
  60  13:49  Templar Archives  
  60  13:52  Nexus  
  60  13:59  Stalker x2  
  60  14:05  Stalker  
  51  14:22  Stalker x3  
  46  14:28  Probe  
  46  14:29  Probe  
  46  14:30  Probe  
  48  14:39  Probe  
  47  14:57  Stalker x2  
  51  15:03  Probe x2  
  51  15:04  Probe  
  54  15:17  Pylon  
  54  15:18  Stalker  
Tags
 
Add a new tag
Caveats
  • Supply blocks, unpowered buildings, or Contaminate may cause inaccurate times.
  • Supply counts are checked every 10 seconds.